Map: Odyssey LE

Players

AdminC (Bioice) - Winner!

  • Race: Zerg Zerg
  • Spawn Location: 11:00

Ziggy

  • Race: Terran Terran
  • Spawn Location: 5:00

Event: WCS Montreal 2017

VOD

Have the link to the VOD?

Description

Time

  • Played on: Sept. 8, 2017, 2:44 p.m.
  • Length: 11:05

All games in this series

Show
View Real Time Build Order
Export as new Build Order

AdminC Zerg - Winner!

Build Orders: Hatch First 

Get SALT Encoding   

  12  0:00  Drone  
  13  0:13  Overlord  
  13  0:16  Drone  
  14  0:31  Drone x2  
  16  0:48  Hatchery  
  15  0:51  Drone  
  15  0:55  Drone  
  17  0:59  Drone  
  18  1:06  Extractor  
  17  1:15  Spawning Pool  
  17  1:18  Drone  
  17  1:22  Drone  
  18  1:28  Drone  
  19  1:39  Drone  
  20  1:49  Overlord  
  20  2:01  Queen  
  20  2:02  Queen  
  20  2:03  Zergling x4  
  26  2:09  Metabolic Boost  
  26  2:12  Drone  
  26  2:15  Drone  
  29  2:22  Drone  
  29  2:23  Drone  
  30  2:38  Hatchery  
  30  2:41  Drone  
  30  2:46  Queen  
  31  2:53  Overlord  
  31  2:54  Zergling x2  
  31  2:57  Zergling x2  
  31  2:58  Zergling x2  
  34  3:00  Zergling x2  
  34  3:05  Zergling x2  
  35  3:15  Zergling x4  
  35  3:16  Zergling x2  
  35  3:17  Zergling x8  
  38  3:29  Zergling x2  
  38  3:30  Zergling x2  
  39  3:45  Zergling x2  
  39  3:46  Zergling x8  
  42  3:57  Drone x2  
  42  3:58  Overlord, Drone  
  43  4:03  Zergling x2  
  44  4:14  Drone  
  44  4:15  Zergling x8  
  44  4:16  Queen  
  51  4:17  Overlord  
  51  4:23  Drone  
  52  4:24  Drone  
  52  4:28  Drone x4  
  57  4:33  Overlord  
  57  4:38  Overlord  
  57  4:40  Drone  
  58  4:47  Overlord, Evolution Chamber  
  58  4:48  Evolution Chamber  
  58  4:50  Drone x2  
  58  4:56  Drone x2  
  58  4:57  Drone x2  
  62  5:02  Drone x3  
  65  5:12  Drone x5  
  65  5:13  Drone  
  71  5:16  Drone x2  
  73  5:21  Zerg Ground Armor Level 1  
  73  5:27  Queen  
  75  5:31  Queen  
  75  5:34  Queen  
  79  5:40  Overlord  
  79  5:43  Drone x2  
  79  5:44  Drone x2  
  79  5:45  Drone  
  79  5:46  Extractor, Drone  
  79  5:47  Drone  
  79  5:49  Extractor  
  84  5:50  Extractor  
  84  5:51  Zergling x4  
  84  5:56  Zergling x10  
  90  6:07  Zergling x4  
  92  6:11  Hatchery  
  92  6:13  Zerg Melee Weapons Level 1  
  91  6:37  Drone x2  
  91  6:38  Drone  
  91  6:39  Drone  
  95  6:40  Drone x3  
  95  6:45  Lair  
  95  6:46  Overlord x5  
  98  6:49  Baneling Nest  
  98  6:51  Evolution Chamber  
  96  7:00  Extractor  
  95  7:01  Overlord x2, Extractor  
  95  7:04  Drone  
  95  7:05  Drone x6  
  95  7:06  Drone  
  101  7:18  Zergling x2  
  101  7:19  Zergling x8  
  101  7:22  Zergling x2  
  102  7:49  Zergling x2  
  102  7:50  Zergling x22  
  102  7:51  Zergling x4  
  107  7:55  Zerg Missile Weapons Level 1  
  107  7:56  Centrifical Hooks  
  107  7:58  Zerg Ground Armor Level 2, Hydralisk Den  
  106  8:00  Zergling x10  
  109  8:15  Drone x8  
  109  8:16  Drone x3  
  119  8:22  Baneling x15  
  119  8:28  Overlord  
  119  8:29  Muscular Augments  
  119  8:33  Hydralisk x4  
  121  8:37  Overlord x4  
  127  8:42  Zerg Melee Weapons Level 2  
  127  8:46  Extractor  
  127  8:48  Overlord x2, Hydralisk x2  
  126  8:49  Hydralisk x2  
  126  8:55  Drone  
  135  8:57  Drone x2, Infestation Pit  
  135  8:58  Drone, Hydralisk x3  
  143  9:06  Hydralisk x3  
  149  9:20  Zergling x2  
  149  9:21  Zergling x12  
  152  9:25  Hydralisk x2  
  152  9:26  Baneling  
  152  9:27  Baneling x9  
  152  9:28  Zergling x10  
  157  9:33  Hydralisk x2  
  153  9:42  Hydralisk x3  
  153  9:43  Zergling x2  
  153  9:44  Zergling x12  
  156  9:48  Hive  
  154  9:58  Hydralisk  
  154  9:59  Hydralisk x3  
  158  10:00  Zergling x2  
  158  10:07  Baneling x7  
  158  10:08  Overlord x2  
  158  10:09  Zergling x2  
  158  10:12  Hatchery  
  149  10:15  Hydralisk x3  
  149  10:16  Zergling x2  
  149  10:20  Baneling x3  
  149  10:21  Zergling x8  
  157  10:22  Zergling x10  
  157  10:26  Hatchery  
  146  10:38  Hydralisk x3  
  146  10:39  Zergling x8  
  143  10:43  Zergling x2  
Show
View Real Time Build Order
Export as new Build Order

Ziggy Terran 

Build Orders: MMM Bio 

Get SALT Encoding   

  12  0:00  SCV  
  13  0:12  SCV  
  14  0:17  Supply Depot  
  14  0:25  SCV  
  15  0:39  SCV  
  15  0:41  Barracks  
  16  0:46  Refinery  
  16  0:51  SCV  
  17  0:59  Barracks  
  17  1:03  SCV  
  18  1:15  SCV  
  19  1:29  Orbital Command, Reaper  
  20  1:37  Barracks  
  20  1:44  Refinery  
  20  1:46  Reaper  
  21  1:52  Supply Depot  
  21  1:56  SCV  
  22  2:05  Reaper  
  23  2:14  SCV  
  24  2:18  Reaper  
  25  2:26  SCV  
  25  2:29  Reaper  
  27  2:37  Reaper  
  27  2:42  Command Center  
  28  2:50  Reaper  
  29  2:54  Supply Depot  
  29  2:56  SCV  
  30  3:01  Reaper  
  31  3:16  SCV, Reaper  
  33  3:23  Reaper  
  34  3:28  SCV  
  34  3:33  Reaper  
  36  3:40  SCV  
  37  3:43  Barracks x2  
  37  3:48  Reaper  
  37  3:52  SCV  
  37  3:55  Reaper  
  38  3:58  Orbital Command  
  38  4:05  Reaper  
  38  4:09  SCV  
  40  4:15  Refinery  
  40  4:20  Reaper  
  40  4:21  SCV  
  42  4:25  SCV  
  42  4:27  Reaper  
  42  4:31  Reaper  
  42  4:33  SCV, Reaper  
  42  4:37  SCV, Reaper  
  45  4:47  SCV  
  45  4:51  Command Center  
  45  4:52  SCV, Reaper  
  48  4:59  SCV, Reaper  
  48  5:00  Supply Depot  
  48  5:02  Supply Depot  
  48  5:03  Reaper  
  48  5:04  SCV  
  50  5:08  Reaper  
  50  5:11  Reaper  
  50  5:13  SCV  
  52  5:16  SCV  
  53  5:22  Engineering Bay  
  53  5:23  Engineering Bay  
  53  5:24  Reaper  
  53  5:25  SCV  
  53  5:28  SCV, Refinery  
  56  5:37  Factory  
  56  5:38  SCV  
  56  5:41  SCV, Barracks Tech Lab  
  58  5:45  Supply Depot  
  58  5:47  Barracks Reactor x2  
  58  5:50  SCV, Barracks Reactor  
  58  5:53  SCV  
  58  5:56  Barracks Tech Lab  
  60  6:02  Marine, SCV  
  60  6:03  Stimpack  
  62  6:05  Orbital Command, SCV  
  63  6:12  Supply Depot  
  63  6:14  SCV, Terran Infantry Weapons Level 1  
  63  6:17  SCV  
  65  6:18  Marine  
  65  6:19  Marine  
  65  6:21  Terran Infantry Armor Level 1  
  65  6:24  Marine x2  
  65  6:25  Marine  
  70  6:26  SCV  
  70  6:27  Marine  
  70  6:28  Marine x2  
  70  6:30  SCV  
  75  6:35  Starport  
  75  6:36  Marine, Factory Reactor  
  75  6:37  Marine, SCV  
  78  6:41  SCV  
  78  6:42  Orbital Command, SCV  
  78  6:43  Marine x3  
  78  6:46  Marine x3  
  86  6:49  Combat Shields  
  86  6:54  Marine  
  86  6:55  Marine  
  86  6:57  SCV x2  
  86  6:58  Armory  
  86  7:00  Missile Turret  
  90  7:05  Marine x3  
  90  7:07  Marine x2  
  95  7:08  Missile Turret  
  97  7:16  Marine x2  
  97  7:19  Medivac  
  101  7:23  Medivac  
  101  7:24  Supply Depot  
  101  7:28  Factory Reactor  
  101  7:36  Marine x2  
  101  7:37  Marine  
  101  7:45  Marine  
  101  7:49  Marine  
  101  7:50  Marine x3  
  101  7:51  Orbital Command  
  101  7:53  Medivac x2  
  101  7:54  Marine x3  
  101  7:58  SCV x2  
  102  8:01  Barracks x2, Supply Depot  
  102  8:02  Supply Depot  
  102  8:03  Marine  
  102  8:04  Barracks  
  104  8:07  Marine x2  
  104  8:11  SCV x2  
  107  8:14  Widow Mine  
  109  8:22  SCV, Widow Mine  
  109  8:23  SCV  
  109  8:24  Marine x3  
  109  8:27  Marine x2  
  116  8:30  Medivac x2  
  116  8:33  Supply Depot  
  116  8:34  Supply Depot  
  122  8:36  Supply Depot, SCV x2  
  124  8:43  Widow Mine  
  124  8:45  Marine x2  
  124  8:46  Marine  
  124  8:48  Factory, Barracks Tech Lab  
  129  8:49  Barracks Tech Lab  
  129  8:50  Widow Mine  
  129  8:51  Marine  
  129  8:53  Barracks Tech Lab  
  132  8:58  Supply Depot  
  132  8:59  Supply Depot  
  132  9:03  Marine x2  
  132  9:04  Marauder  
  132  9:05  Marine, Marauder  
  139  9:12  Widow Mine  
  139  9:15  Marauder x2  
  145  9:27  Marine x2  
  145  9:28  Marauder  
  135  9:42  Marine  
  135  9:43  Marine, Marauder  
  127  9:46  Marine  
  127  9:47  Marine, Marauder  
  128  9:57  Marine, Marauder  
  123  10:00  Marine  
  123  10:01  Marauder  
  123  10:02  Factory Tech Lab  
  123  10:06  Marine, Marauder  
  129  10:15  Marine, Marauder  
  129  10:18  Widow Mine x2  
  136  10:26  Marine, Marauder  
  138  10:33  Marine, Marauder  
  128  10:36  Marine  
  128  10:37  Marine x3, Marauder  
  128  10:38  Marine  
  110  10:44  Marine  
Tags
 
Add a new tag
Caveats
  • Supply blocks, unpowered buildings, or Contaminate may cause inaccurate times.
  • Supply counts are checked every 10 seconds.